 Dungeon Crawl Stone Soup version 0.26-a0-667-g92642533e4 (webtiles) character file.

Game seed: 5779516678916943217

9605 grandjackal the Eye of the Storm (level 11, -10/133 HPs)
             Began as a Demonspawn Gladiator on Oct 16, 2020.
             Was a Priest of Qazlal.
             Mangled by Frances
             ... wielding a +1 vorpal trident
              (12 damage)
             ... on level 12 of the Dungeon.
             The game lasted 00:12:38 (11551 turns).

grandjackal the Eye of the Storm (DsGl)            Turns: 11551, Time: 00:12:38

Health: -10/133    AC: 25    Str: 19    XL:     11   Next: 25%
Magic:  0/18       EV:  2    Int:  9    God:    Qazlal [***...]
Gold:   418        SH:  4    Dex: 14    Spells: 10/10 levels left

rFire    . . .     SeeInvis .   a - +5 long sword of the Pits of Slime {flame, +Inv Int+4}
rCold    . . .     Faith    .   (no shield)
rNeg     + + +     Spirit   .   (armour currently unavailable)
rPois    +         Reflect  .   (helmet currently unavailable)
rElec    .         Harm     .   (cloak currently unavailable)
rCorr    .         Rampage  .   (gloves currently unavailable)
MR       .....     NoTele   +   (boots currently unavailable)
Stlth    +.........             b - amulet of magic regeneration
HPRegen  0.32/turn              v - -4 ring of intelligence (curse)
MPRegen  0.41/turn              O - ring of positive energy

@: tree-form, stab
A: demonic guardian 2, rot immunity
a: Upheaval, Elemental Force, Renounce Religion, Evoke Invisibility


You were on level 12 of the Dungeon.
You worshipped Qazlal.
Qazlal was most pleased with you.
You were a tree.
You visited 2 branches of the dungeon, and saw 13 of its levels.

You collected 592 gold pieces.
You spent 174 gold pieces at shops.

Inventory:

Hand Weapons
 a - the +5 long sword of the Pits of Slime (weapon) {flame, +Inv Int+4}
   (You found it on level 10 of the Dungeon)

   It has been specially enchanted to burn those struck by it, causing extra
   injury to most foes and up to half again as much damage against particularly
   susceptible opponents.
   Big, fiery blades are also staple armaments of hydra-hunters.
   It affects your intelligence (+4).
   It lets you turn invisible.
 B - a +1 dagger of venom
 P - the +7 dagger "Netaq" {flame, *Noise rF+ MR+, unknown}
   (You found it on level 8 of the Dungeon)

   It has been specially enchanted to burn those struck by it, causing extra
   injury to most foes and up to half again as much damage against particularly
   susceptible opponents.
   It protects you from fire.
   It affects your resistance to hostile enchantments.
   It may make noises in combat.
 T - a +3 great sword
Missiles
 d - 7 throwing nets (quivered)
Armour
 g - a +0 ring mail (melded)
 t - a +2 cloak (melded)
 y - a +2 pair of gloves of archery (melded)
Jewellery
 b - an amulet of magic regeneration (around neck)
 n - an uncursed ring of fire {unknown}
 v - a cursed -4 ring of intelligence (left branch)
 z - an uncursed amulet of reflection {unknown}
 G - a +6 ring of intelligence
 I - an uncursed ring of ice {unknown}
 O - a ring of positive energy (right branch)
 Q - an uncursed amulet of faith {unknown}
Wands
 u - a wand of iceblast (15)
 F - a wand of paralysis (6)
 J - a wand of enslavement (9)
 L - a wand of flame (30)
 N - a wand of disintegration (14)
Scrolls
 c - 11 scrolls of identify {unknown}
 e - a scroll of fear {unknown}
 h - 5 scrolls of remove curse {unknown}
 i - 3 scrolls of blinking {unknown}
 j - 3 scrolls of amnesia {unknown}
 o - 3 scrolls of immolation {unknown}
 r - 9 scrolls of teleportation {unknown}
 s - 2 scrolls of fog {unknown}
 w - 2 scrolls of enchant armour {unknown}
 A - 2 scrolls of enchant weapon {unknown}
 C - a scroll of magic mapping {unknown}
Potions
 f - 2 potions of stabbing
 k - a potion of haste {unknown}
 l - 3 potions of degeneration {unknown}
 m - 7 potions of curing
 p - 4 potions of brilliance {unknown}
 q - 2 potions of magic {unknown}
 x - 2 potions of heal wounds {unknown}
 D - a potion of berserk rage {unknown}
 E - 4 potions of flight {unknown}
 H - a potion of invisibility
 K - 2 potions of lignification
 M - a potion of cancellation {unknown}
 R - a potion of mutation {unknown}
 S - a potion of resistance {unknown}


   Skills:
 + Level 9.4 Fighting
 + Level 8.9 Long Blades
 - Level 1.7 Throwing
 + Level 8.9 Dodging
 + Level 10.3 Invocations


You had 10 spell levels left.
You didn't know any spells.
Your spell library contained the following spells:

 Spells                   Type           Power        Failure   Level
 Corona                   Hex            #......      38%         1
 Magic Dart               Conj           #...         38%         1
 Summon Small Mammal      Summ           #...         38%         1
 Blink                    Tloc           N/A          52%         2
 Call Imp                 Summ           #.......     52%         2
 Slow                     Hex            #.......     52%         2
 Call Canine Familiar     Summ           #.......     77%         3
 Conjure Flame            Conj/Fire      #.......     77%         3
 Inner Flame              Hex/Fire       #.......     77%         3
 Mephitic Cloud           Conj/Pois/Air  #.......     77%         3
 Portal Projectile        Hex/Tloc       #.....       77%         3
 Summon Guardian Golem    Hex/Summ       #.......     77%         3
 Cause Fear               Hex            #.........   99%         4
 Leda's Liquefaction      Hex/Erth       #.........   99%         4
 Summon Ice Beast         Ice/Summ       #.......     99%         4
 Summon Lightning Spire   Summ/Air       #.......     99%         4


Dungeon Overview and Level Annotations

Branches:
Dungeon (12/15)            Temple (1/1) D:5            Lair (0/6) D:10
    Orc (0/2) D:11

Altars:
Ashenzari
Cheibriados
Dithmenos
Elyvilon
Fedhas
Gozag
Hepliaklqana
Makhleb
Nemelex Xobeh
Okawaru
Qazlal
Ru
Sif Muna
Trog
Uskayaw
Vehumet
Wu Jian
Xom
Yredelemnul
Zin
The Shining One

Shops:
D:5 *=   D:6 ?   D:9 (   D:11 !

Annotations:
D:12 Frances


Innate Abilities, Weirdness & Mutations

((You have a pair of horns on your head.))
((You are mostly covered in molten scales. (AC +3)))
A demonic guardian rushes to your aid.
You are immune to rotting.


Message History

The gargoyle is heavily damaged.
You hear two shouts!
Frances screams a word of power!
The green ugly thing bites you.
* * * LOW HITPOINT WARNING * * *
Frances hits you from afar with a +1 vorpal trident!
* * * LOW HITPOINT WARNING * * *
x2 Unknown command.
Unknown command.
Unknown command.
Aiming: Upheaval
Press: ? - help, Dir - move target cursor, f/p - Frances
Aim: Frances, wielding a +1 vorpal trident and wearing a +0 leather armour (almost dead, fast, encased in ice)
A blizzard blasts the area with ice!
The blast of ice hits the gargoyle.
The gargoyle is severely damaged.
The gargoyle is flash-frozen.
The blast of ice hits Frances!
Frances is almost dead.
Frances hits you from afar with a +1 vorpal trident!
You die...

#.............# #.
#.............# #.
#.............# #.
#.............# #.
#.............# #.
..######.............# #.
.....................####.
..........................
.######.u♣................
#....≈........†####.
#..§@9.........# #.
#...≈..........# #.
#...4..........# #.
#..^...........# #.
#..............# .
#..............#
#..............#


You could see Frances (fast, frozen), a green ugly thing, a red devil (summoned)
and a gargoyle (frozen).

Vanquished Creatures
  A two-headed ogre (D:8)
  Nergalle (D:10)
  A gargoyle (D:11)
  Psyche (D:9)
  3 wraiths (D:9)
  A wyvern (D:10)
  A yak (D:10)
  Menkaure (D:4)
  A soldier ant (D:11)
  2 water moccasins (D:10)
  An orc warrior (D:11)
  3 ice beasts
  3 phantoms
  2 sky beasts (D:8)
  A necrophage (D:9)
  2 ogres
  2 big kobolds
  An elf zombie (D:9)
  6 bullfrogs
  A gnoll sergeant (D:6)
  Dowan (D:7)
  A wyvern zombie (D:9)
  3 scorpions
  13 wights
  2 howler monkeys
  2 bullfrog zombies (D:11)
  A jelly (D:7)
  4 orc wizards
  5 hounds
  4 human zombies (D:9)
  5 orc priests
  2 centaur skeletons
  Jessica (D:3)
  2 human skeletons (D:9)
  3 iguanas
  14 worker ants
  A hound skeleton (D:9)
  A worker ant zombie (D:5)
  11 adders
  12 gnolls
  2 shadow imps
  4 adder skeletons
  4 worms
  3 dart slugs
  7 leopard geckos
  32 orcs
  3 ball pythons
  5 giant cockroaches
  6 hobgoblins
  9 jackals
  14 kobolds
  5 quokkas
  4 bats
  6 frilled lizards
  9 goblins
  An orc zombie (D:9)
  2 quokka zombies
  8 rats
247 creatures vanquished.

Vanquished Creatures (collateral kills)
  Erolcha (D:9)
  A two-headed ogre (D:8)
  3 ugly things
  A centaur zombie (D:10)
  A centaur skeleton (D:10)
  4 yaks (D:10)
  A water moccasin (D:5)
  Duvessa (D:7)
  An orc warrior (D:7)
  2 sky beasts (D:5)
  An ice beast (D:5)
  3 ogres
  A big kobold (D:12)
  A scorpion (D:10)
  2 wights (D:10)
  A bullfrog zombie (D:10)
  An orc priest (D:7)
  A worker ant (D:4)
  2 adders
  3 white imps (D:5)
  A worm (D:5)
  An orc (D:7)
  5 kobolds
  A frilled lizard (D:5)
40 creatures vanquished.

Vanquished Creatures (others)
  A frilled lizard (D:5)
  40 fungi (D:10)
  58 plants (D:10)
99 creatures vanquished.

Grand Total: 386 creatures vanquished

Notes
Turn   | Place    | Note
-------+----------+-------------------------------------------
     0 | D:1      | grandjackal the Demonspawn Gladiator began the quest for
                  | the Orb.
     0 | D:1      | Reached XP level 1. HP: 16/16 MP: 1/1
    46 | D:1      | Gained mutation: You are immune to rotting. [demonic
                  | ancestry]
    46 | D:1      | Reached XP level 2. HP: 18/22 MP: 2/2
   493 | D:1      | Gained mutation: You have a pair of small horns on your
                  | head. [demonic ancestry]
   493 | D:1      | Reached XP level 3. HP: 28/28 MP: 3/3
  1517 | D:2      | Reached XP level 4. HP: 9/35 MP: 4/4
  1988 | D:3      | Gained mutation: A weak demonic guardian rushes to your
                  | aid. [demonic ancestry]
  1988 | D:3      | Reached XP level 5. HP: 19/41 MP: 5/5
  2763 | D:3      | Noticed Jessica
  2768 | D:3      | Killed Jessica
  3013 | D:4      | Noticed an ogre
  3018 | D:4      | Killed an ogre
  3018 | D:4      | Gained mutation: A demonic guardian rushes to your aid.
                  | [demonic ancestry]
  3018 | D:4      | Reached XP level 6. HP: 48/48 MP: 6/6
  3633 | D:4      | Noticed Menkaure
  3639 | D:4      | Killed Menkaure
  3877 | D:4      | Gained mutation: You have a pair of horns on your head.
                  | [demonic ancestry]
  3877 | D:4      | Reached XP level 7. HP: 55/55 MP: 7/7
  4142 | D:5      | Entered Level 5 of the Dungeon
  4160 | D:5      | Found a staircase to the Ecumenical Temple.
  4164 | D:5      | Found Wiunameucs's Assorted Antiques.
  4198 | D:5      | Bought a scroll labeled WIDUPSOAVI for 20 gold pieces
  4198 | D:5      | Bought a golden potion for 18 gold pieces
  4198 | D:5      | Bought 2 scrolls labeled YLIEKENGUJ for 40 gold pieces
  4198 | D:5      | Bought a scroll labeled MAUMIBRAEWK for 20 gold pieces
  4198 | D:5      | Bought a scroll labeled JUDOOM INAORPH for 20 gold pieces
  4198 | D:5      | Bought a bubbling black potion for 18 gold pieces
  4198 | D:5      | Bought a scroll labeled MAUMIBRAEWK for 20 gold pieces
  4198 | D:5      | Bought a fuming cyan potion for 18 gold pieces
  4209 | Temple   | Entered the Ecumenical Temple
  4262 | Temple   | Became a worshipper of Qazlal Stormbringer
  4280 | D:5      | Reached skill level 5 in Fighting
  4284 | D:5      | Reached skill level 5 in Long Blades
  4284 | D:5      | Reached skill level 5 in Dodging
  4301 | D:5      | Reached skill level 1 in Invocations
  4411 | D:5      | Reached skill level 2 in Invocations
  4854 | D:5      | Reached skill level 3 in Invocations
  4854 | D:5      | Gained mutation: You are partially covered in molten
                  | scales. (AC +2) [demonic ancestry]
  4854 | D:5      | Reached XP level 8. HP: 63/63 MP: 10/10
  5004 | D:5      | Reached * piety under Qazlal
  5205 | D:5      | Found Xiprem's Jewellery Boutique.
  5316 | D:6      | Found Akkoetz's Magic Scroll Shop.
  5432 | D:6      | Reached skill level 4 in Invocations
  5512 | D:6      | Found a basalt altar of Yredelemnul.
  6178 | D:7      | Reached skill level 5 in Invocations
  6360 | D:7      | Noticed Duvessa
  6366 | D:7      | Killed Duvessa
  6368 | D:7      | Noticed Dowan
  6377 | D:7      | Killed Dowan
  6546 | D:7      | Reached XP level 9. HP: 62/71 MP: 13/13
  7163 | D:7      | Reached ** piety under Qazlal
  7307 | D:8      | Got a scorched dagger
  7331 | D:8      | Reached skill level 6 in Invocations
  7484 | D:8      | Noticed a two-headed ogre
  7485 | D:8      | Noticed a two-headed ogre
  7498 | D:8      | Killed a two-headed ogre
  7503 | D:8      | Killed a two-headed ogre
  7515 | D:8      | Reached skill level 7 in Invocations
  8045 | D:9      | Found Ticig's Weapon Shop.
  8075 | D:9      | Found an ornate altar of the Wu Jian Council.
  8255 | D:9      | Noticed Erolcha
  8256 | D:9      | Noticed Psyche
  8260 | D:9      | Killed Erolcha
  8260 | D:9      | Gained mutation: You are mostly covered in molten scales.
                  | (AC +3) [demonic ancestry]
  8260 | D:9      | Reached XP level 10. HP: 31/80 MP: 15/15
  8264 | D:9      | Killed Psyche
  8264 | D:9      | Reached skill level 8 in Invocations
  8943 | D:9      | Found a basalt altar of Yredelemnul.
  8995 | D:9      | Reached *** piety under Qazlal
  9290 | D:10     | Entered Level 10 of the Dungeon
  9503 | D:10     | Reached skill level 9 in Invocations
  9704 | D:10     | Found a staircase to the Lair.
  9712 | D:10     | Noticed Nergalle
  9720 | D:10     | Killed Nergalle
  9742 | D:10     | Reached **** piety under Qazlal
  9949 | D:10     | Got an ichor-stained long sword
  9950 | D:10     | Identified the +5 long sword of the Pits of Slime {flame,
                  | +Inv Int+4} (You found it on level 10 of the Dungeon)
 10300 | D:11     | Noticed a brown ugly thing
 10300 | D:11     | Noticed a gargoyle
 10311 | D:11     | Killed a brown ugly thing
 10311 | D:11     | Reached XP level 11. HP: 58/89 MP: 18/18
 10618 | D:11     | Reached skill level 10 in Invocations
 10816 | D:11     | Noticed a cyan ugly thing
 10821 | D:11     | Killed a cyan ugly thing
 10999 | D:11     | Found Xautilil's Distillery.
 11188 | D:11     | Found a staircase to the Orcish Mines.
 11344 | D:12     | Noticed a red ugly thing
 11355 | D:12     | Killed a red ugly thing
 11357 | D:12     | Noticed Frances
 11542 | D:12     | Noticed a green ugly thing
 11550 | D:12     | HP: 6/133 [Frances/+1 vorpal trident (10)]
 11550 | D:12     | HP: 2/133 [Frances/+1 vorpal trident (4)]
 11551 | D:12     | Mangled by Frances

Illustrated notes

Levels and vault maps discovered:
D:1:      dpeg_arrival_ternary, layout_basic, minmay_octomino_j4
D:2:      layout_rooms
D:3:      layout_basic, cheibrodos_sewer_entry_drain,
          minmay_fractal_squares_gapless_5, uniq_jessica
D:4:      layout_cave_pools, uniq_menkaure
D:5:      minmay_recursive_quarters, layout_cave_pods,
          minmay_temple_entry_large_hall, serial_shops, shop, shop_fountains
D:6:      layout_cave_pools, serial_shops, nicolae_shop_statue_plus,
          basic_altar, grunt_decor_cap
D:7:      layout_basic, uniq_duvessa
D:8:      layout_basic
D:9:      layout_stronghold, overflow_temple_1_default, serial_shops,
          shop_statue, lemuel_mausoleum_altar_yredelemnul, uniq_erolcha,
          uniq_psyche
D:10:     layout_basic, due_lair_maze_entry_diamond, uniq_nergalle
D:11:     layout_roguey, orc_0_dummy, serial_shops, nicolae_shop_crystal
D:12:     layout_long_grid, uniq_frances, uniq_urug
Temple:   grunt_wide_crystal_templ

Skill      XL: |  1  2  3  4  5  6  7  8  9 10 11 |
---------------+----------------------------------+-----
Long Blades    | 3 4 5 6 7 8 |  8.9
Dodging        | 3 4 5 6 7 8 |  8.9
Fighting       | 3 4 5 6 7 9 |  9.4
Invocations    | 3 5 7 9 10 | 10.3
Throwing       | |  1.7

Action                   |  1- 3 |  4- 6 |  7- 9 | 10-12 || total
-------------------------+-------+-------+-------+-------++-------
Melee: Long sword        |   119 |    47 |       |    97 ||   263
       Headbutt          |    12 |    29 |    56 |    65 ||   162
       Great sword       |       |    71 |   213 |   140 ||   424
Invok: Upheaval          |       |       |       |     3 ||     3
       Elemental Force   |       |       |       |     2 ||     2
  Use: Potion            |       |       |       |     3 ||     3
 Stab: Distracted        |       |       |       |     1 ||     1
Armor: Ring mail         |    42 |    35 |   116 |    83 ||   276
       Leather armour    |     5 |       |       |       ||     5
       Skin              |       |       |       |     2 ||     2
Dodge: Dodged            |    98 |    92 |   173 |   131 ||   494
       Repelled          |       |       |       |     4 ||     4
Block: Other             |       |       |     9 |    40 ||    49
       Rpst.: Long sword |    21 |     8 |       |    12 ||    41
       Great sword       |       |    12 |    57 |    28 ||    97

Table legend: (Time is in decaauts)
 A = Elapsed time spent in this place.
 B = Non-inter-level travel time spent in this place.
 C = Inter-level travel time spent in this place.
 D = Time resting spent in this place.
 E = Time spent auto-exploring this place.
 F = Levels seen in this place.
 G = Mean time per level.
                   A        B        C        D        E       F      G
               +--------+--------+--------+--------+--------+-----+--------+
         Total |  11764 |  11387 |    377 |   3149 |   6179 |  13 |  904.9 |
       Dungeon |  11695 |  11331 |    364 |   3142 |   6179 |  12 |  974.6 |
        Temple |     68 |     55 |     13 |      7 |      0 |   1 |   68.0 |
               +--------+--------+--------+--------+--------+-----+--------+

Top non-repeatable levels by time:
     D:3: 1306 daAuts
     D:9: 1290 daAuts
     D:7: 1157 daAuts
     D:4: 1148 daAuts
    D:10: 1148 daAuts
     D:5: 1062 daAuts
    D:11: 1041 daAuts
     D:6: 920 daAuts
     D:1: 916 daAuts
     D:2: 853 daAuts
     D:8: 759 daAuts
    D:12: 91 daAuts
  Temple: 68 daAuts
